[Event "FIDE WYCC Open U18 2023"]
[Site "Montesilvano"]
[Date "2023.11.21"]
[Round "8.7"]
[White "Dzida, Kamil"]
[Black "Eidelman, Gabriel"]
[Result "0-1"]
[ECO "C79"]
[WhiteElo "2399"]
[BlackElo "2284"]
[Annotator "RC"]
[PlyCount "76"]
[EventDate "2023.11.13"]
[EventType "swiss"]
[EventCountry "ITA"]
[SourceTitle "playchess.com"]
[Source "ChessBase"]
[SourceQuality "1"]
[TimeControl "40/5400+30:1800+30"]

1. e4 e5 2. Nf3 Nc6 3. Bb5 a6 4. Ba4 Nf6 5. O-O d6 6. Re1 Bd7 7. c3 g6 8. d4 Bg7 9. d5 Ne7 10. Bxd7+ Nxd7 11. c4 h6 12. Nc3 f5 13. b4 a5 14. Ba3 axb4 15. Bxb4 O-O 16. a4 b6 17. Nd2 Nf6 18. Nb5 Qd7 19. Ra3 h5 20. f3 Bh6 21. exf5 gxf5 22. Nb3 Kh8 23. Bd2 Bxd2 24. Qxd2 f4 25. Qd3 Rg8 26. Ra2 Rg5 27. N3d4 exd4 28. Qxd4 Rf5 29. Re6 Rf8 30. Rae2 Ng6 31. Qd2 Qg7 32. Nd4 Rg5 33. Kh1 Nd7 34. h4 Rg3 35. Re8 Qf6 36. R2e6 Qxh4+ 37. Kg1 Qg5 38. R8e7 Nxe7 0-1

[Event "FIDE WYCC Open U18 2023"]
[Site "Montesilvano"]
[Date "2023.11.21"]
[Round "8.8"]
[White "Cesar Maestre, Bernardo"]
[Black "Wong, Zhenyong Jayden"]
[Result "1-0"]
[ECO "B48"]
[WhiteElo "2373"]
[BlackElo "2356"]
[Annotator "RC"]
[PlyCount "69"]
[EventDate "2023.11.13"]
[EventType "swiss"]
[EventCountry "ITA"]
[SourceTitle "playchess.com"]
[Source "ChessBase"]
[SourceQuality "1"]
[TimeControl "40/5400+30:1800+30"]

1. e4 c5 2. Nf3 e6 3. d4 cxd4 4. Nxd4 Nc6 5. Nc3 Qc7 6. Be3 a6 7. g4 Nxd4 8. Qxd4 b5 9. O-O-O Bb7 10. f3 Rc8 11. Qd2 b4 12. Na4 Nf6 13. Nb6 Rd8 14. Nc4 d5 15. Bb6 Qb8 16. Bxd8 Qxd8 17. g5 Nh5 18. exd5 Be7 19. Rg1 Bxd5 20. Be2 Qc7 21. Rg4 O-O 22. Qe3 Rc8 23. b3 Qxh2 24. Rxd5 exd5 25. Qxe7 Nf4 26. Bf1 dxc4 27. Bxc4 Rf8 28. Kb2 Ng6 29. Qxb4 Ne5 30. Re4 Qg3 31. f4 Ng4 32. Re7 Qxf4 33. Bxf7+ Rxf7 34. Re8+ Rf8 35. Qxf8+ 1-0

[Event "FIDE WYCC Open U18 2023"]
[Site "Montesilvano"]
[Date "2023.11.21"]
[Round "8.9"]
[White "Galaviz Medina, Sion Radamantys"]
[Black "Chyzy, Jakub"]
[Result "0-1"]
[ECO "E35"]
[WhiteElo "2461"]
[BlackElo "2286"]
[Annotator "RC"]
[PlyCount "70"]
[EventDate "2023.11.13"]
[EventType "swiss"]
[EventCountry "ITA"]
[SourceTitle "playchess.com"]
[Source "ChessBase"]
[SourceQuality "1"]
[TimeControl "40/5400+30:1800+30"]

1. d4 Nf6 2. c4 e6 3. Nc3 Bb4 4. Qc2 d5 5. cxd5 exd5 6. Bg5 h6 7. Bh4 c5 8. e3 O-O 9. Nf3 Be6 10. dxc5 Nbd7 11. Be2 Rc8 12. a3 Bxc3+ 13. Qxc3 g5 14. Bg3 Ne4 15. Qd4 Ndxc5 16. Rd1 Nb3 17. Qb4 Nc1 18. Nd4 Nxe2 19. Kxe2 Rc4 20. Qb5 Bd7 21. Qxb7 Bc8 22. Qxa7 Qf6 23. Qa5 Ba6 24. Ke1 Rc5 25. Qa4 Rfc8 26. f3 Rc4 27. Qb3 Nc5 28. Qa2 Ne6 29. Nb3 Rc2 30. Rd2 d4 31. Qb1 Rxd2 32. Kxd2 dxe3+ 33. Kxe3 Nf4 34. Bxf4 Qb6+ 35. Ke4 Rc4+ 0-1

[Event "FIDE WYCC Open U18 2023"]
[Site "Montesilvano"]
[Date "2023.11.21"]
[Round "8.10"]
[White "Amilal Munkhdalai"]
[Black "Orozbaev, Eldiar"]
[Result "0-1"]
[ECO "C07"]
[WhiteElo "2404"]
[BlackElo "2278"]
[Annotator "RC"]
[PlyCount "79"]
[EventDate "2023.11.13"]
[EventType "swiss"]
[EventCountry "ITA"]
[SourceTitle "playchess.com"]
[Source "ChessBase"]
[SourceQuality "1"]
[TimeControl "40/5400+30:1800+30"]

1. e4 e6 2. d4 d5 3. Nd2 c5 4. exd5 Qxd5 5. dxc5 Nf6 6. Ngf3 Bxc5 7. Bc4 Qh5 8. O-O Nc6 9. Qe2 O-O 10. Ne4 Nxe4 11. Qxe4 Qg6 12. Qe2 Qf6 13. c3 e5 14. Bd5 Bf5 15. Qb5 Bb6 16. Be3 e4 17. Nd2 Qg6 18. Rfe1 Rfe8 19. Bxb6 axb6 20. Re3 Ra5 21. Qb3 Rxd5 22. Qxd5 Rd8 23. Qb3 Rxd2 24. Qxb6 Rd7 25. a4 h5 26. a5 Bg4 27. Kh1 f5 28. Ree1 f4 29. b4 h4 30. h3 Bxh3 31. Rg1 Qg4 32. a6 f3 33. gxf3 Qxf3+ 34. Kh2 Be6 35. Rg2 Qh3+ 36. Kg1 Ne5 37. Qc5 Nf3+ 38. Kf1 Qh1+ 39. Ke2 Qxa1 40. Rg1 0-1

[Event "FIDE WYCC Open U18 2023"]
[Site "Montesilvano"]
[Date "2023.11.21"]
[Round "8.11"]
[White "Dreelinck, Adriaan"]
[Black "Colbow, Collin"]
[Result "0-1"]
[ECO "A50"]
[WhiteElo "2264"]
[BlackElo "2403"]
[Annotator "RC"]
[PlyCount "98"]
[EventDate "2023.11.13"]
[EventType "swiss"]
[EventCountry "ITA"]
[SourceTitle "playchess.com"]
[Source "ChessBase"]
[SourceQuality "1"]
[TimeControl "40/5400+30:1800+30"]

1. d4 Nf6 2. c4 e6 3. Bf4 d5 4. cxd5 exd5 5. e3 Bd6 6. Bxd6 Qxd6 7. Bd3 Bg4 8. Qb3 Nbd7 9. Nc3 O-O 10. h3 Bh5 11. Nge2 Bg6 12. Bxg6 hxg6 13. Nf4 Nb6 14. Nd3 c6 15. O-O Rab8 16. Na4 Nc4 17. Qc2 Qe6 18. b3 Nd6 19. Ne5 Rfe8 20. Nc5 Qe7 21. b4 g5 22. a4 Rbc8 23. Rfc1 g6 24. Qe2 a6 25. Ng4 Nh5 26. Rab1 Kg7 27. Qf3 Rh8 28. Re1 f5 29. Ne5 Nf6 30. Qe2 g4 31. hxg4 Nxg4 32. g3 b6 33. Ncd3 Qg5 34. Nxg4 Qh5 35. Qf3 fxg4 36. Qg2 Ne4 37. Nf4 Qh6 38. b5 axb5 39. axb5 Rh7 40. Ra1 Kf6 41. bxc6 Rch8 42. Nxd5+ Kf5 43. Kf1 Qf8 44. Nxb6 Rh1+ 45. Ke2 Qb4 46. Red1 Re1+ 47. Rxe1 Qd2+ 48. Kf1 Rh1+ 49. Qxh1 Qxf2# 0-1

[Event "FIDE WYCC Open U18 2023"]
[Site "Montesilvano"]
[Date "2023.11.21"]
[Round "8.12"]
[White "Domalchuk-Jonasson, Aleksandr"]
[Black "Loftgaard, Mikkel Vinh"]
[Result "1-0"]
[ECO "E11"]
[WhiteElo "2403"]
[BlackElo "2225"]
[Annotator "RC"]
[PlyCount "129"]
[EventDate "2023.11.13"]
[EventType "swiss"]
[EventCountry "ITA"]
[SourceTitle "playchess.com"]
[Source "ChessBase"]
[SourceQuality "1"]
[TimeControl "40/5400+30:1800+30"]

1. d4 Nf6 2. c4 e6 3. Nf3 d5 4. g3 Bb4+ 5. Bd2 Be7 6. Bg2 O-O 7. O-O c6 8. Qc2 Nbd7 9. Bf4 b6 10. Nbd2 Nh5 11. Be3 Nhf6 12. Bf4 Nh5 13. Ne5 Nxe5 14. Bxe5 f6 15. Bf4 Nxf4 16. gxf4 Bd6 17. e3 Bd7 18. Rfc1 Qe8 19. Nf1 Kh8 20. Ng3 Rc8 21. Qd1 Rg8 22. Qf3 f5 23. Qe2 Qf7 24. Rc3 g5 25. fxg5 Rxg5 26. f4 Rg4 27. Bf3 Rh4 28. Kh1 Rg8 29. Rg1 c5 30. Qd2 Qf6 31. Nh5 Rxg1+ 32. Kxg1 Qg6+ 33. Ng3 cxd4 34. Qxd4+ Kg8 35. Kg2 Qh6 36. Nf1 Be8 37. Qd1 Bf7 38. cxd5 e5 39. Rc8+ Kg7 40. fxe5 Bxe5 41. Qc2 Qg5+ 42. Kh1 Rg4 43. Qf2 Ra4 44. b3 Ra5 45. h4 Qf6 46. a4 Rc5 47. Rxc5 bxc5 48. Nd2 Kf8 49. Nc4 f4 50. Nxe5 Qxe5 51. e4 Qc3 52. Bg2 Qc1+ 53. Kh2 Ke7 54. e5 Qe3 55. Qxe3 fxe3 56. Kg3 Bh5 57. Be4 Bd1 58. d6+ Kd7 59. Bf5+ Kc6 60. Be4+ Kd7 61. Bxh7 Bxb3 62. Bf5+ Kc6 63. h5 e2 64. Kf2 c4 65. h6 1-0

[Event "FIDE WYCC Open U18 2023"]
[Site "Montesilvano"]
[Date "2023.11.21"]
[Round "8.13"]
[White "Nguyen, Quoc Hy"]
[Black "Chen, Hongsen"]
[Result "1-0"]
[ECO "A13"]
[WhiteElo "2392"]
[BlackElo "2061"]
[Annotator "RC"]
[PlyCount "145"]
[EventDate "2023.11.13"]
[EventType "swiss"]
[EventCountry "ITA"]
[SourceTitle "playchess.com"]
[Source "ChessBase"]
[SourceQuality "1"]
[TimeControl "40/5400+30:1800+30"]

1. c4 e6 2. Nf3 d5 3. e3 Nf6 4. b3 Be7 5. Bb2 O-O 6. Nc3 c5 7. cxd5 exd5 8. d4 Nc6 9. Be2 Ne4 10. dxc5 Bf6 11. Rc1 Qa5 12. Nd4 Nxc5 13. Nxc6 bxc6 14. O-O Ne4 15. Qc2 Nxc3 16. Bxc3 Bxc3 17. Qxc3 Qxc3 18. Rxc3 Bd7 19. Ba6 Rab8 20. Rc5 f5 21. Rd1 Rb4 22. f3 Re8 23. Kf2 g6 24. Bd3 Re7 25. Bc2 Be8 26. a3 Rb6 27. b4 Kg7 28. h3 h5 29. Rd4 Kf6 30. Bd3 Reb7 31. Kg3 Re7 32. Kf2 Reb7 33. Ke2 Re7 34. Kd2 Re6 35. g4 hxg4 36. hxg4 fxg4 37. Rxg4 Rb7 38. f4 Rh7 39. Rg3 Rhe7 40. Rc1 Rh7 41. Kc3 Rh2 42. Kd4 Ra2 43. Rc3 Ra1 44. Rh3 Re7 45. Kc5 Re1 46. Kd4 Ra1 47. Bc2 Kg7 48. Rg3 Kf6 49. Bxg6 Rg7 50. f5 Rd1+ 51. Kc5 Ke5 52. Rg4 Bd7 53. Rf4 Rg8 54. f6 Rb8 55. a4 Ra1 56. Bc2 Rc1 57. f7 Rf8 58. Rf2 Be6 59. Kxc6 Rxf7 60. Rxf7 Bxf7 61. Rc5 Be8+ 62. Kc7 a5 63. b5 Rg1 64. Bb3 Rg7+ 65. Kb6 Bf7 66. Kxa5 Be6 67. Kb6 Rg3 68. Rc3 Rg8 69. a5 Rb8+ 70. Kc5 Bd7 71. b6 Ra8 72. Kb4 Kd6 73. Ba4 1-0

[Event "FIDE WYCC Open U18 2023"]
[Site "Montesilvano"]
[Date "2023.11.21"]
[Round "8.14"]
[White "Bai, Adelard"]
[Black "Khoder, Akram"]
[Result "1-0"]
[ECO "D11"]
[WhiteElo "2384"]
[BlackElo "2191"]
[Annotator "RC"]
[PlyCount "59"]
[EventDate "2023.11.13"]
[EventType "swiss"]
[EventCountry "ITA"]
[SourceTitle "playchess.com"]
[Source "ChessBase"]
[SourceQuality "1"]
[TimeControl "40/5400+30:1800+30"]

1. d4 d5 2. Nf3 Nf6 3. c4 c6 4. g3 Bf5 5. Nc3 e6 6. Nh4 dxc4 7. Nxf5 exf5 8. e3 Bd6 9. Bxc4 O-O 10. Qf3 g6 11. Bd2 Qe7 12. h3 Nbd7 13. g4 c5 14. Kf1 Ne4 15. Rd1 cxd4 16. exd4 Rae8 17. Bh6 Ndf6 18. gxf5 Kh8 19. Bxf8 Qxf8 20. Bd3 Nxc3 21. bxc3 g5 22. Qxb7 Rb8 23. Qf3 Qh6 24. c4 Qh4 25. c5 Bf4 26. d5 Rb4 27. a3 Ra4 28. Bb5 Re4 29. d6 Bxd6 30. cxd6 1-0

[Event "FIDE WYCC Open U18 2023"]
[Site "Montesilvano"]
[Date "2023.11.21"]
[Round "8.15"]
[White "Razafindratsima, Timothe"]
[Black "Otero Marino, Alain"]
[Result "1-0"]
[ECO "C82"]
[WhiteElo "2462"]
[BlackElo "2204"]
[Annotator "RC"]
[PlyCount "107"]
[EventDate "2023.11.13"]
[EventType "swiss"]
[EventCountry "ITA"]
[SourceTitle "playchess.com"]
[Source "ChessBase"]
[SourceQuality "1"]
[TimeControl "40/5400+30:1800+30"]

1. e4 e5 2. Nf3 Nc6 3. Bb5 a6 4. Ba4 Nf6 5. O-O Nxe4 6. d4 b5 7. Bb3 d5 8. dxe5 Be6 9. c3 Bc5 10. Nbd2 O-O 11. Bc2 Nxf2 12. Rxf2 Bxf2+ 13. Kxf2 f6 14. Nf1 fxe5 15. Kg1 Bg4 16. Ne3 Be6 17. b3 d4 18. cxd4 Nxd4 19. Nxd4 Qxd4 20. Rb1 Rad8 21. Qe2 Bf5 22. Bb2 Qb6 23. Bxf5 Rxf5 24. h3 Rf4 25. Kh2 Re4 26. Re1 Qh6 27. Bc1 Qg6 28. Qc2 Rd7 29. Bb2 Kh8 30. Re2 Rf4 31. Qc3 h5 32. Qe1 Re4 33. Qb1 Rd6 34. Ba3 b4 35. Bb2 h4 36. Kg1 Kh7 37. Qc2 a5 38. Ng4 Rxe2 39. Qxe2 Qb1+ 40. Kh2 Qf5 41. Bxe5 Re6 42. Qb5 c6 43. Qxa5 Re7 44. Qc5 Re6 45. Qd4 Re7 46. Qd6 Ra7 47. Qxb4 Rxa2 48. Qe7 Rxg2+ 49. Kxg2 Qe4+ 50. Kf2 Qc2+ 51. Ke3 Qc1+ 52. Ke4 Qc2+ 53. Kf4 Qc1+ 54. Ne3 1-0

[Event "FIDE WYCC Open U18 2023"]
[Site "Montesilvano"]
[Date "2023.11.21"]
[Round "8.16"]
[White "Kasipour Azbari, Seyed Arvin"]
[Black "Lamaze, Simon"]
[Result "0-1"]
[ECO "B11"]
[WhiteElo "2261"]
[BlackElo "2415"]
[Annotator "RC"]
[PlyCount "94"]
[EventDate "2023.11.13"]
[EventType "swiss"]
[EventCountry "ITA"]
[SourceTitle "playchess.com"]
[Source "ChessBase"]
[SourceQuality "1"]
[TimeControl "40/5400+30:1800+30"]

1. e4 c6 2. Nf3 d5 3. Nc3 Bg4 4. h3 Bxf3 5. Qxf3 e6 6. Be2 d4 7. Nd1 Nd7 8. Qg3 e5 9. O-O Ne7 10. d3 Ng6 11. f4 exf4 12. Bxf4 Nxf4 13. Qxf4 Qe7 14. c3 g6 15. cxd4 Bg7 16. e5 O-O 17. Nc3 f6 18. e6 Nb6 19. Bd1 Rad8 20. Bb3 f5 21. d5 Nxd5 22. Nxd5 cxd5 23. Rac1 Qxe6 24. Rfe1 Qb6+ 25. Kh1 Rf7 26. Rc2 Qd4 27. Qf3 Bf6 28. Rce2 Kg7 29. g3 a5 30. a3 a4 31. Ba2 Rfd7 32. Rc2 h5 33. Re6 Rd6 34. Rxd6 Rxd6 35. Rc7+ Kh6 36. Qf4+ Qxf4 37. gxf4 Bxb2 38. Rxb7 Bc1 39. Rb4 d4 40. Rxa4 Bxf4 41. Bc4 Rb6 42. Kg2 Rb2+ 43. Kf3 Be3 44. h4 Rf2+ 45. Kg3 f4+ 46. Kh3 f3 47. Ra7 Bf4 0-1

[Event "FIDE WYCC Open U18 2023"]
[Site "Montesilvano"]
[Date "2023.11.21"]
[Round "8.17"]
[White "Tadic, Stefan"]
[Black "Silva, Pedro Gil Ferreira D"]
[Result "0-1"]
[ECO "D02"]
[WhiteElo "2407"]
[BlackElo "2203"]
[Annotator "RC"]
[PlyCount "165"]
[EventDate "2023.11.13"]
[EventType "swiss"]
[EventCountry "ITA"]
[SourceTitle "playchess.com"]
[Source "ChessBase"]
[SourceQuality "1"]
[TimeControl "40/5400+30:1800+30"]

1. d4 Nf6 2. Nf3 d5 3. Bf4 c5 4. e3 Nc6 5. Nbd2 Qb6 6. dxc5 Qxb2 7. Rb1 Qc3 8. Bb5 g6 9. e4 a6 10. Be5 Qxc5 11. Bd4 Qa3 12. Be5 Qc5 13. Bd4 Qa3 14. Bxc6+ bxc6 15. Rb3 Qa4 16. O-O Bg7 17. exd5 cxd5 18. Re1 O-O 19. Rxe7 Qxa2 20. Be5 Qa4 21. Bd4 Qa2 22. Be5 Qa4 23. Bd4 Qa2 24. Be5 Be6 25. Nd4 Bc8 26. N4f3 Be6 27. Nd4 Bc8 28. N4f3 Be6 29. Nd4 Rfe8 30. N4f3 Rf8 31. Nd4 Rfe8 32. N4f3 Rf8 33. Nd4 Rfe8 34. N4f3 Rf8 35. Nd4 Rfe8 36. N4f3 Rf8 37. Nd4 Rfe8 38. Rbb7 Rf8 39. Rb3 Rfe8 40. Rbb7 Rxe7 41. Rxe7 Re8 42. Rb7 Ra8 43. Re7 Re8 44. Rxe8+ Nxe8 45. Bxg7 Nxg7 46. h3 a5 47. N2f3 a4 48. Qd2 a3 49. Qa5 h6 50. Nb3 Qb1+ 51. Kh2 Qxc2 52. Qxa3 Qxf2 53. Nbd4 Kh7 54. Qe7 Kg8 55. Qa3 Kh7 56. Qe7 Qe3 57. Qf6 Nh5 58. Qe7 Ng7 59. Qf6 Nh5 60. Qe7 Qf4+ 61. Kg1 Qf6 62. Qd6 Qf4 63. Qe7 Qf6 64. Qd6 Nf4 65. Qe7 Nh5 66. Qd6 Nf4 67. Kh2 Nh5 68. Kg1 Nf4 69. Kh2 Kg7 70. Qc7 Kh7 71. Qd6 Kg7 72. Qc7 Nh5 73. Kg1 Nf4 74. Kh2 g5 75. Kg1 h5 76. Qc3 Kg8 77. Qe1 Kg7 78. Qc3 Kg8 79. Qe1 Kg7 80. Qc3 Kg8 81. Qe1 g4 82. hxg4 hxg4 83. Ne5 0-1

[Event "FIDE WYCC Open U18 2023"]
[Site "Montesilvano"]
[Date "2023.11.21"]
[Round "8.18"]
[White "Pegno, Mattia"]
[Black "Davtyan, Arsen"]
[Result "0-1"]
[ECO "E70"]
[WhiteElo "2155"]
[BlackElo "2406"]
[Annotator "RC"]
[PlyCount "226"]
[EventDate "2023.11.13"]
[EventType "swiss"]
[EventCountry "ITA"]
[SourceTitle "playchess.com"]
[Source "ChessBase"]
[SourceQuality "1"]
[TimeControl "40/5400+30:1800+30"]

1. d4 Nf6 2. c4 g6 3. Nc3 Bg7 4. e4 d6 5. Bd3 O-O 6. Nge2 Nc6 7. O-O Nd7 8. Be3 e5 9. d5 Nd4 10. b4 c5 11. Rb1 b6 12. Qd2 f5 13. Bg5 Nf6 14. Be3 Nd7 15. Bg5 Nf6 16. Be3 Nd7 17. Bg5 Nf6 18. bxc5 bxc5 19. f3 f4 20. Nxd4 cxd4 21. Na4 Bd7 22. Bc2 Bc8 23. Bd3 Bd7 24. Bc2 Bc8 25. Bd3 Bd7 26. Bc2 Bc8 27. Bd3 Bd7 28. Bc2 Rc8 29. Qb4 Ra8 30. Qd2 Rc8 31. Qb4 Qc7 32. Qd2 Qd8 33. Qb4 Qc7 34. Qd2 Qd8 35. Qb4 Qc7 36. Qd2 Qd8 37. Qb4 Qc7 38. Qd2 Qd8 39. Qb4 Qc7 40. Qd2 Qd8 41. Qb4 Qc7 42. Qb7 Qd8 43. Qb4 Qc7 44. Qb7 Qd8 45. Qb4 Qc7 46. Qb7 Qd8 47. Qb4 Qc7 48. Qb7 Qd8 49. Qb4 Qc7 50. Qb7 Qd8 51. Qb4 Qc7 52. Qb7 Qxc4 53. Bxf6 Rc7 54. Bxg7 Kxg7 55. Bd3 Rxb7 56. Bxc4 Rxb1 57. Rxb1 Bxa4 58. Rb4 Bc2 59. Kf2 Rf7 60. Ke1 Rc7 61. Kf2 Rf7 62. Ke1 Rc7 63. Ba6 Rf7 64. Bc4 Rc7 65. Ba6 Rf7 66. Bc4 Rc7 67. Ba6 Rf7 68. Bc4 Rc7 69. Ba6 Rc3 70. Kd2 Ra3 71. Ke1 Rc3 72. Kd2 Ra3 73. Bc4 Ra4 74. Ba6 Ra3 75. Bc4 Ra4 76. Rb7+ Kh6 77. Rc7 Bb1 78. Bb3 Ra3 79. Rc6 Bxa2 80. Bc2 Bb1 81. Bb3 Ba2 82. Bc2 Bb1 83. Bb3 Ba2 84. Bc2 Bb1 85. Bb3 Ba2 86. Bc2 a6 87. Rxd6 Bc4 88. Rc6 Bb5 89. Rc7 Ra2 90. d6 d3 91. d7 Bxd7 92. Kxd3 Bb5+ 93. Kd2 Bd7 94. Kd3 Bb5+ 95. Kc3 Ra1 96. Rc5 Rc1 97. Rc7 Ra1 98. Rc5 Rc1 99. Kd2 Rg1 100. Bd1 Rxg2+ 101. Ke1 Rxh2 102. Rxe5 Kg7 103. Rc5 h5 104. e5 h4 105. Rc7+ Kh6 106. Rc5 Kg7 107. Rc7+ Kh6 108. Rc5 Kg7 109. Rc7+ Kh6 110. Rc8 h3 111. e6 Kg7 112. e7 Rh1+ 113. Kd2 Rxd1+ 0-1

[Event "FIDE WYCC Open U18 2023"]
[Site "Montesilvano"]
[Date "2023.11.21"]
[Round "8.19"]
[White "Novosel, Lovro"]
[Black "Unneland, Mathias"]
[Result "1/2-1/2"]
[ECO "E04"]
[WhiteElo "2375"]
[BlackElo "2197"]
[Annotator "RC"]
[PlyCount "176"]
[EventDate "2023.11.13"]
[EventType "swiss"]
[EventCountry "ITA"]
[SourceTitle "playchess.com"]
[Source "ChessBase"]
[SourceQuality "1"]
[TimeControl "40/5400+30:1800+30"]

1. Nf3 Nf6 2. d4 d5 3. c4 e6 4. g3 dxc4 5. Bg2 Bb4+ 6. Bd2 a5 7. Qc2 b6 8. a3 Bd6 9. Ne5 Ra7 10. Nf3 Ra8 11. Ne5 Ra7 12. Nf3 Ra8 13. Ne5 Ra7 14. Nf3 Ra8 15. Ne5 Ra7 16. Nf3 Ra8 17. Ne5 Ra7 18. Nf3 Ra8 19. Ne5 Ra7 20. Nxc4 Ba6 21. Ne5 Bc8 22. Nc4 Ba6 23. O-O Be7 24. e3 O-O 25. b4 a4 26. Rd1 Nbd7 27. Nb2 b5 28. Nc3 Qb8 29. e4 Nb6 30. Bf4 Rd8 31. Bf1 Rf8 32. Bg2 Rd8 33. Bf1 Qa8 34. Bg2 Qb8 35. Bf1 Qa8 36. Bg2 Qb8 37. Bf1 Qa8 38. Bg2 Qb8 39. Bf1 Qa8 40. Rac1 c6 41. Ne2 Rc8 42. Bg2 Rd7 43. Bf1 Ra7 44. Bg2 Rd7 45. h3 Bb7 46. Be3 Ba6 47. Bf4 Bb7 48. Be3 Ba6 49. Bf4 Bb7 50. Be3 Ne8 51. Bf4 Nf6 52. Be3 Ne8 53. Nf4 Nd6 54. Nfd3 Ne8 55. Nf4 Nd6 56. Nfd3 Ne8 57. Nf4 Nd6 58. Nfd3 Ndc4 59. Ne5 Nxe5 60. dxe5 Qa6 61. Bc5 Bxc5 62. bxc5 Rxd1+ 63. Rxd1 Nc4 64. Nxc4 bxc4 65. Bf1 g6 66. Rd7 Rb8 67. Rd1 Rc8 68. Rd7 Rb8 69. Bxc4 Qa5 70. Bf1 Qa6 71. Bc4 Qa5 72. Qb1 Qxc5 73. Ba6 Qxa3 74. Bxb7 Qb3 75. Qc1 a3 76. Ba6 Qb1 77. Rd1 a2 78. Bc4 Qb3 79. Ba6 Qb1 80. Bd3 Qxc1 81. Rxc1 Rb3 82. Ra1 Rxd3 83. Rxa2 Rd4 84. f3 Rd3 85. Kf2 Rc3 86. g4 g5 87. Ra7 Rc5 88. Rc7 Rxe5 1/2-1/2

[Event "FIDE WYCC Open U18 2023"]
[Site "Montesilvano"]
[Date "2023.11.21"]
[Round "8.20"]
[White "Talibov, Shiroghlan"]
[Black "Paduano, Claudio"]
[Result "1/2-1/2"]
[ECO "B45"]
[WhiteElo "2362"]
[BlackElo "2188"]
[Annotator "RC"]
[PlyCount "137"]
[EventDate "2023.11.13"]
[EventType "swiss"]
[EventCountry "ITA"]
[SourceTitle "playchess.com"]
[Source "ChessBase"]
[SourceQuality "1"]
[TimeControl "40/5400+30:1800+30"]

1. e4 c5 2. Nf3 e6 3. d4 cxd4 4. Nxd4 Nf6 5. Nc3 Nc6 6. a3 d5 7. Bb5 Bd7 8. exd5 exd5 9. O-O Be7 10. Re1 O-O 11. h3 h6 12. Bf4 Rc8 13. Nxc6 Bxc6 14. Be5 Bd7 15. Bf4 Bc6 16. Be5 Bc5 17. Bxc6 bxc6 18. b4 Bd6 19. Qd4 Bxe5 20. Rxe5 a5 21. Rae1 axb4 22. axb4 Qd6 23. Ne4 Nxe4 24. R1xe4 Rfd8 25. Rg4 g6 26. Qe3 d4 27. Qf4 Kg7 28. Re4 Qxb4 29. Qe5+ Kg8 30. Qf4 Qb1+ 31. Kh2 h5 32. Rg3 Qxc2 33. Re7 Rf8 34. Qxd4 Qf5 35. f4 c5 36. Qc4 Rfe8 37. Rxe8+ Rxe8 38. Rg5 Re4 39. Qc1 Qf6 40. Rxc5 Rxf4 41. Qe3 Rd4 42. Qe8+ Kh7 43. Qe5 Rd8 44. Qe3 Rd4 45. Qe5 Qxe5+ 46. Rxe5 h4 47. Kg1 Rd2 48. Ra5 Kh6 49. Ra4 Kh7 50. Ra5 Kh6 51. Ra4 Kh5 52. Rb4 Kh6 53. Ra4 Kh5 54. Rb4 f5 55. Kf1 Ra2 56. Rc4 Rd2 57. Rb4 Ra2 58. Rc4 Ra5 59. Rc8 Ra4 60. Kf2 Kg5 61. Rc6 Rf4+ 62. Kg1 Kh5 63. Ra6 Rb4 64. Rf6 Rb5 65. Rf8 g5 66. Rg8 g4 67. hxg4+ fxg4 68. Kh2 Rg5 69. Rh8+ 1/2-1/2

[Event "FIDE WYCC Open U18 2023"]
[Site "Montesilvano"]
[Date "2023.11.21"]
[Round "8.21"]
[White "Krivenko, Dion"]
[Black "Bicer, Atakan Mert"]
[Result "1-0"]
[ECO "B12"]
[WhiteElo "2218"]
[BlackElo "2318"]
[Annotator "RC"]
[PlyCount "113"]
[EventDate "2023.11.13"]
[EventType "swiss"]
[EventCountry "ITA"]
[SourceTitle "playchess.com"]
[Source "ChessBase"]
[SourceQuality "1"]
[TimeControl "40/5400+30:1800+30"]

1. e4 c6 2. d4 d5 3. e5 Bf5 4. Bd3 Bxd3 5. Qxd3 e6 6. Ne2 Qa5+ 7. Nbc3 Qa6 8. Qh3 Ne7 9. O-O Nd7 10. a4 Qb6 11. Rd1 h5 12. Rb1 Ng6 13. Be3 Be7 14. f4 Nh4 15. Bf2 Nf5 16. Ng3 g6 17. b4 Nh6 18. Nf1 a5 19. b5 c5 20. Ne3 cxd4 21. Nexd5 exd5 22. Nxd5 Qc5 23. c4 Ng4 24. Bxd4 Qxc4 25. Nxe7 Kxe7 26. Qa3+ Ke8 27. h3 Qe6 28. hxg4 hxg4 29. Bf2 Qf5 30. Bg3 b6 31. Qd6 Qe6 32. Qa3 Nc5 33. Rd6 Qf5 34. Re1 Rb8 35. e6 fxe6 36. Qb2 Rh7 37. Re5 Qf8 38. Rc6 Kf7 39. Qe2 Qd8 40. Qxg4 Qd7 41. f5 gxf5 42. Rxf5+ exf5 43. Qg6+ Kf8 44. Rf6+ Ke7 45. Bd6+ Qxd6 46. Rxd6 Rf7 47. Rxb6 Rd8 48. Qg5+ Ke8 49. Qh5 Rd5 50. Rf6 Rd1+ 51. Kh2 Rdd7 52. Rxf5 Ne6 53. b6 Nd8 54. Rxf7 Rxf7 55. Qxa5 Kd7 56. Qd5+ Ke8 57. a5 1-0

[Event "FIDE WYCC Open U18 2023"]
[Site "Montesilvano"]
[Date "2023.11.21"]
[Round "8.22"]
[White "Briem, Benedikt"]
[Black "Goroshkov, Maksym"]
[Result "0-1"]
[ECO "E16"]
[WhiteElo "2149"]
[BlackElo "2303"]
[Annotator "RC"]
[PlyCount "82"]
[EventDate "2023.11.13"]
[EventType "swiss"]
[EventCountry "ITA"]
[SourceTitle "playchess.com"]
[Source "ChessBase"]
[SourceQuality "1"]
[TimeControl "40/5400+30:1800+30"]

1. d4 Nf6 2. c4 e6 3. Nf3 Bb4+ 4. Nbd2 b6 5. g3 Bb7 6. Bg2 O-O 7. O-O d5 8. a3 Bxd2 9. Nxd2 Nc6 10. cxd5 exd5 11. Nf3 Ne4 12. Bf4 g5 13. Be3 f5 14. Qc1 h6 15. b4 Qd6 16. Qb2 Rae8 17. b5 Na5 18. Ne5 Nc4 19. Nxc4 dxc4 20. Bd2 Qe6 21. Bb4 Rf7 22. a4 Bd5 23. Rae1 f4 24. Qc1 Qg6 25. a5 Qh5 26. axb6 axb6 27. g4 Qg6 28. f3 Nd6 29. e4 fxe3 30. Rxe3 Rfe7 31. Rxe7 Rxe7 32. Bxd6 Qxd6 33. Rf2 Qb4 34. Bf1 c3 35. h4 Qxd4 36. hxg5 Bxf3 37. gxh6 Re3 38. Qb1 Be4 39. Qb3+ Bd5 40. Qb1 Rg3+ 41. Bg2 Rxg2+ 0-1

[Event "FIDE WYCC Open U18 2023"]
[Site "Montesilvano"]
[Date "2023.11.21"]
[Round "8.23"]
[White "Hommadov, Amanmuhammet"]
[Black "Sahakyan, Aleks"]
[Result "0-1"]
[ECO "C66"]
[WhiteElo "2055"]
[BlackElo "2303"]
[Annotator "RC"]
[PlyCount "46"]
[EventDate "2023.11.13"]
[EventType "swiss"]
[EventCountry "ITA"]
[SourceTitle "playchess.com"]
[Source "ChessBase"]
[SourceQuality "1"]
[TimeControl "40/5400+30:1800+30"]

1. e4 e5 2. Nf3 Nc6 3. Bb5 a6 4. Ba4 Nf6 5. O-O d6 6. Re1 Bd7 7. c3 g6 8. h3 g5 9. d4 g4 10. hxg4 Nxg4 11. dxe5 dxe5 12. Bg5 Be7 13. Bxe7 Qxe7 14. Nbd2 O-O-O 15. Qe2 h5 16. Nf1 Rdg8 17. Ng3 Nh6 18. Nf5 Qf6 19. Rad1 Nxf5 20. exf5 Qxf5 21. Qe4 Rxg2+ 22. Kf1 Qh3 23. Ke2 Rg4 0-1

[Event "FIDE WYCC Open U18 2023"]
[Site "Montesilvano"]
[Date "2023.11.21"]
[Round "8.24"]
[White "Stepanencu, Nicodim-Cosmin"]
[Black "Pozzari, Simone"]
[Result "1/2-1/2"]
[ECO "C81"]
[WhiteElo "2289"]
[BlackElo "2186"]
[Annotator "RC"]
[PlyCount "75"]
[EventDate "2023.11.13"]
[EventType "swiss"]
[EventCountry "ITA"]
[SourceTitle "playchess.com"]
[Source "ChessBase"]
[SourceQuality "1"]
[TimeControl "40/5400+30:1800+30"]

1. e4 e5 2. Nf3 Nc6 3. Bb5 a6 4. Ba4 Nf6 5. O-O Nxe4 6. d4 b5 7. Bb3 d5 8. dxe5 Be6 9. Be3 Bc5 10. Qe2 O-O 11. Rd1 Bxe3 12. Qxe3 Qe7 13. Nc3 Nxc3 14. Qxc3 Qd7 15. Qc5 Na5 16. Nd4 Rfd8 17. a4 Nxb3 18. cxb3 bxa4 19. Rxa4 Rdb8 20. Ra5 Rb6 21. Rc1 Rc8 22. Rca1 Ra8 23. b4 Bf5 24. b5 Bd3 25. R1a3 Bc4 26. h3 h6 27. f4 Kh7 28. f5 Qd8 29. Rxa6 Raxa6 30. Rxa6 Qg5 31. Ra1 Qe3+ 32. Kh1 Rxb5 33. Qe7 Qxd4 34. Qxf7 Qxb2 35. Qg6+ Kg8 36. Qe8+ Kh7 37. Qg6+ Kg8 38. Qe8+ 1/2-1/2